 Dungeon Crawl Stone Soup version 0.32-a0-711-g016ad743e0 (webtiles) character file.

Game seed: 17546331617235381566

17412 Essalna the Geomancer (level 12, -6/80 HPs)
             Began as a Gargoyle Earth Elementalist on Mar 15, 2024.
             Was a High Priest of Vehumet.
             Mangled by a skeletal warrior
             ... wielding a +1 halberd of flaming
              (10 damage)
             ... on level 12 of the Dungeon.
             The game lasted 00:26:54 (12085 turns).

Essalna the Geomancer (GrEE)                       Turns: 12085, Time: 00:26:55

Health: -6/80      AC: 15    Str:  9    XL:     12   Next: 47%
Magic:  4/30       EV:  9    Int: 23    God:    Vehumet [*****.]
Gold:   360        SH: 10    Dex: 10    Spells: 14/23 levels left

rFire   + . .        m - +2 whip (elec)
rCold   + . .        u - +0 kite shield
rNeg    + + .        j - +1 leather armour "Haaw Vom" {rElec Regen+ Str-4 Stlth+}
rPois   ∞            G - +2 hat {Int+3}
rElec   +            l - scarf {rC+ rF+}
rCorr   .            (no gloves)
SInv    .            (no boots)
Will    .....        J - amulet of magic regeneration
Stlth   +++          x - ring of magical power
HPRegen 1.13/turn    A - ring of positive energy
MPRegen 0.62/turn

%: no passive effects
@: no status effects
A: sickness immunity, AC +8, negative energy resistance 1, electricity
resistance, torment resistance 1, petrification resistance
a: Renounce Religion


You were on level 12 of the Dungeon.
You worshipped Vehumet.
Vehumet was extremely pleased with you.
You visited 2 branches of the dungeon, and saw 13 of its levels.
You also visited: Sewer.

You collected 825 gold pieces.
You spent 465 gold pieces at shops.

Inventory:

Hand Weapons
 m - a +2 whip of electrocution (weapon)
Missiles
 z - 3 throwing nets
Armour
 a - a +0 robe
 j - the +1 leather armour "Haaw Vom" (worn) {rElec Regen+ Str-4 Stlth+}
   (You found it on level 2 of the Dungeon)

   Str-4:     It affects your strength (-4).
   rElec:     It insulates you from electricity.
   Regen+:    It increases your rate of health regeneration.
   Stlth+:    It makes you more stealthy.
 l - a scarf of resistance (worn)
 u - a +0 kite shield (worn)
 G - a +2 hat of intelligence (worn)
 L - a +1 leather armour of fire resistance
Jewellery
 n - a ring of ice
 v - an amulet of regeneration
 x - a ring of magical power (left hand)
 A - a ring of positive energy (right hand)
 I - an amulet of faith
 J - an amulet of magic regeneration (around neck)
Wands
 w - a wand of charming (7)
 C - a wand of roots (13)
 D - a wand of mindburst (9)
 F - a wand of flame (11)
Scrolls
 d - 5 scrolls of teleportation
 f - 5 scrolls of identify
 k - a scroll of amnesia
 p - 2 scrolls of noise
 q - a scroll of vulnerability
 r - 3 scrolls of fear
 s - a scroll of brand weapon
 t - 3 scrolls of revelation
 y - 2 scrolls of enchant armour
 B - a scroll of poison
 H - a scroll of fog {unknown}
Potions
 c - 5 potions of mutation {unknown}
 e - 4 potions of heal wounds
 g - 2 potions of ambrosia {unknown}
 h - 3 potions of lignification {unknown}
 i - 4 potions of brilliance {unknown}
 o - 2 potions of curing {unknown}
 E - 2 potions of invisibility {unknown}
 K - a potion of resistance {unknown}


   Skills:
 + Level 11.7 Fighting
 - Level 4.0 Armour
 - Level 3.0 Dodging
 - Level 2.1 Stealth
 + Level 10.4 Shields
 - Level 6.0 Spellcasting
 - Level 4.0 Conjurations
 + Level 13.8 Earth Magic


You had 14 spell levels left.
You knew the following spells:

 Your Spells              Type           Power      Damage    Failure   Level
a - Sandblast             Erth           100%       2d20      1%          1
b - Stone Arrow           Conj/Erth      94%        3d12      1%          3
c - Lee's Rapid Deconstr  Erth           31%        3d16*     1%          5

Your spell library contained the following spells:

 Spells                   Type           Power      Damage    Failure   Level
 Airstrike                Air            3%         2d(1-17)  63%         4
 Passwall                 Erth           63%        N/A       1%          3
 Brom's Barrelling Bould  Conj/Erth      47%        2d6       2%          4
 Scorch                   Fire           12%        2d5       14%         2
 Animate Armour           Summ/Erth      76%        N/A       22%         4
 Petrify                  Alch/Erth      38%        N/A       22%         4
 Flame Wave               Conj/Fire      16%        2d7       36%         4
 Summon Lightning Spire   Summ/Air       6%         N/A       98%         4
 Summon Cactus Giant      Summ           3%         N/A       100%        6


Dungeon Overview and Level Annotations

Branches:
Dungeon (12/15)            Temple (1/1) D:5            Lair (0/5) D:10
    Orc (0/2) D:10          Sewer (visited)

Altars:
Ashenzari
Cheibriados
Dithmenos
Elyvilon
Fedhas
Gozag
Hepliaklqana
Kikubaaqudgha
Makhleb
Nemelex Xobeh
Okawaru
Qazlal
Ru
Sif Muna
Trog
Uskayaw
Vehumet
Wu Jian
Xom
Yredelemnul
Zin
The Shining One

Shops:
D:2 [   D:4 :   D:9 !   D:10 =

Annotations:
D:9 3 runed translucent doors, flt's ghost, novice TrDe


Innate Abilities, Weirdness & Mutations

You are immune to sickness and miasma.
Your stone body is resilient. (AC +8)
You are immune to poison.
You resist negative energy. (rN+)
You are resistant to electric shocks. (rElec)
You are resistant to unholy torment.
You are immune to petrification.


Message History

A rock wall.
The wall shatters!
The blast of rock fragments hits the skeletal warrior but does no damage.
The skeletal warrior is severely damaged.
The blast of rock fragments hits the skeletal warrior.
The skeletal warrior is heavily damaged.
The blast of rock fragments hits the skeletal warrior.
The skeletal warrior is severely damaged.
The skeletal warrior hits you from afar with a +1 halberd of flaming.
You block the skeletal warrior's attack.
Casting: Lee's Rapid Deconstruction (dangerous; 1% risk of failure)
Confirm with . or Enter, or press ? or * to list all spells.
Aiming: Lee's Rapid Deconstruction (dangerous; 1% risk of failure)
Press: ? - help, Dir - move target A rock wall.
The wall shatters!
The blast of rock fragments hits the skeletal warrior!!
The skeletal warrior is almost destroyed.
The blast of rock fragments hits the skeletal warrior!!
The skeletal warrior is almost destroyed.
The blast of rock fragments hits the skeletal warrior but does no damage.
The skeletal warrior is severely damaged.
The skeletal warrior hits you from afar with a +1 halberd of flaming!
The skeletal warrior burns you.
The skeletal warrior hits you with a +2 flail of protection!!
* * * LOW HITPOINT WARNING * * *
Casting: Lee's Rapid Deconstruction (dangerous; 1% risk of failure)
Confirm with . or Enter, or press ? or * to list all spells.
Aiming: Lee's Rapid Deconstruction (dangerous; 1% risk of failure)
Press: ? - help, Dir - move target A rock wall.
The wall shatters!
The blast of rock fragments hits the skeletal warrior but does no damage.
The skeletal warrior is almost destroyed.
The blast of rock fragments hits the skeletal warrior but does no damage.
The skeletal warrior is almost destroyed.
The blast of rock fragments hits the skeletal warrior but does no damage.
The skeletal warrior is severely damaged.
The skeletal warrior hits you from afar with a +1 halberd of flaming!
You die...

##.#.#.#z#.#.#
#.#.#.#.#.#.#.#
#.#.#.#.#.#.#.#
.#.#{#.#.#.#.#.#
###
.#z#)#.#.#.#.#.#
#<#
#z########.####
#.# #z# .#
#.###### #z# #
#......#####@#
#####........#
##.####### #.#
#.# #.# ###


You could see 4 skeletal warriors.

Vanquished Creatures
  Gastronok (D:9)
  Erica (D:8)
  A boulder beetle (D:11)
  A two-headed ogre (D:9)
  4 skeletal warriors (D:12)
  Lodul (D:12)
  A harpy (shapeshifter) (D:10)
  Maurice (D:9)
  2 manticores
  An unseen horror (D:11)
  Maggie (D:9)
  A kobold demonologist (D:9)
  A komodo dragon (D:11)
  4 trolls
  6 slime creatures
  A shadow (D:12)
  A wyvern (D:9)
  A steam dragon (D:7)
  A yak (D:9)
  4 vampire mosquitoes (D:11)
  4 acid dragons
  2 water moccasins
  Pargi (Sewer)
  A sky beast (D:7)
  4 orc warriors
  An ice beast (D:5)
  2 black bears
  The ghost of schroeder the Poker, an amateur MiBe of Trog (D:3)
  7 ogres
  A wolf (D:9)
  5 centaurs
  A phantom (D:6)
  2 bullfrogs
  4 kobold brigands
  A brain worm (Sewer)
  5 scorpions
  3 gnoll sergeants
  5 wights (D:8)
  22 killer bees
  2 electric eels (D:10)
  6 howler monkeys
  A bombardier beetle (D:3)
  5 hounds
  A jelly (Sewer)
  7 orc priests
  2 gnoll boudas
  2 iguanas
  10 orc wizards
  27 gnolls
  13 adders
  4 white imps
  A dart slug (D:4)
  3 ribbon worms
  64 orcs
  7 ball pythons
  6 endoplasms
  7 giant cockroaches
  5 goblins
  5 hobgoblins
  5 jackals
  30 kobolds
  6 quokkas
  4 bats
  3 frilled lizards
  7 rats
340 creatures vanquished.

Vanquished Creatures (others)
  A kobold (D:10)
1 creature vanquished.

Grand Total: 341 creatures vanquished

Notes
Turn   | Place    | Note
-------+----------+-------------------------------------------
     0 | D:1      | Essalna the Gargoyle Earth Elementalist began the quest for
                  | the Orb.
     0 | D:1      | Reached XP level 1. HP: 10/10 MP: 3/3
   195 | D:1      | Reached XP level 2. HP: 15/15 MP: 3/5
   279 | D:1      | Reached skill level 4 in Earth Magic
   865 | D:2      | Reached XP level 3. HP: 19/19 MP: 4/6
  1069 | D:2      | Found Emosecw's Antique Armour Boutique.
  1320 | D:2      | Identified the +1 leather armour "Haaw Vom" {rElec Regen+
                  | Str-4 Stlth+}
  1763 | D:2      | Reached XP level 4. HP: 22/24 MP: 5/8
  1835 | D:2      | Learned a level 3 spell: Stone Arrow
  2428 | D:3      | Found a runed translucent gate.
  2428 | D:3      | Found a runed translucent gate.
  2428 | D:3      | Found a runed translucent gate.
  2429 | D:3      | Noticed schroeder's ghost (amateur MiBe)
  2776 | D:4      | Found a glowing drain.
  2780 | Sewer    | Entered a sewer
  2807 | Sewer    | Reached skill level 1 in Armour
  2833 | Sewer    | Noticed a brain worm
  2837 | Sewer    | Killed a brain worm
  2838 | Sewer    | Reached skill level 1 in Fighting
  2838 | Sewer    | Reached XP level 5. HP: 15/29 MP: 2/9
  2908 | Sewer    | Noticed Pargi
  2915 | Sewer    | Killed Pargi
  2916 | Sewer    | Reached skill level 5 in Earth Magic
  2916 | Sewer    | Reached XP level 6. HP: 16/35 MP: 3/10
  3898 | D:4      | Found Xoniacits's Vocational Training.
  3961 | D:4      | Reached XP level 7. HP: 40/40 MP: 8/12
  4084 | D:5      | Entered Level 5 of the Dungeon
  4311 | D:5      | Reached skill level 6 in Earth Magic
  4522 | D:5      | Found a staircase to the Ecumenical Temple.
  4557 | Temple   | Entered the Ecumenical Temple
  4569 | Temple   | Became a worshipper of Vehumet
  5019 | D:6      | Reached XP level 8. HP: 43/48 MP: 7/14
  5130 | D:6      | Found an ancient bone altar of Kikubaaqudgha.
  5556 | D:6      | Reached skill level 7 in Earth Magic
  5558 | D:6      | Reached skill level 5 in Spellcasting
  6261 | D:7      | Reached * piety under Vehumet
  6261 | D:7      | Offered knowledge of Kiss of Death by Vehumet.
  6278 | D:7      | Reached skill level 8 in Earth Magic
  6293 | D:7      | Reached XP level 9. HP: 20/52 MP: 2/17
  6534 | D:7      | Reached skill level 1 in Shields
  6605 | D:7      | Reached skill level 5 in Fighting
  7029 | D:8      | Noticed a manticore
  7029 | D:8      | Found an opulent altar of Gozag.
  7035 | D:8      | Killed a manticore
  7131 | D:8      | Noticed a troll
  7142 | D:8      | Killed a troll
  7143 | D:8      | Reached skill level 9 in Earth Magic
  7203 | D:8      | Offered knowledge of Scorch by Vehumet.
  7208 | D:8      | Reached ** piety under Vehumet
  7357 | D:8      | Found a shimmering altar of Xom.
  7358 | D:8      | Found a sacrificial altar of Ru.
  7392 | D:8      | Noticed Erica
  7402 | D:8      | Reached XP level 10. HP: 48/61 MP: 19/19
  7406 | D:8      | Killed Erica
  7407 | D:8      | Reached skill level 5 in Shields
  7407 | D:8      | Reached skill level 10 in Earth Magic
  7495 | D:8      | Offered knowledge of Dazzling Flash by Vehumet.
  7834 | D:9      | Noticed Maurice
  7839 | D:9      | Maurice stole 81 gold
  7840 | D:9      | Killed Maurice
  7932 | D:9      | Noticed a two-headed ogre
  7991 | D:9      | Killed a two-headed ogre
  8042 | D:9      | Noticed a kobold demonologist
  8047 | D:9      | Killed a kobold demonologist
  8048 | D:9      | Reached skill level 11 in Earth Magic
  8126 | D:9      | Learned a level 5 spell: Lee's Rapid Deconstruction
  8180 | D:9      | Noticed flt's ghost (novice TrDe)
  8184 | D:9      | Found a runed translucent gate.
  8184 | D:9      | Found a runed translucent gate.
  8184 | D:9      | Found a runed translucent gate.
  8184 | D:9      | Noticed a green ugly thing
  8202 | D:9      | Reached *** piety under Vehumet
  8279 | D:9      | Noticed Gastronok
  8292 | D:9      | Reached XP level 11. HP: 69/69 MP: 7/20
  8552 | D:9      | Killed Gastronok
  8733 | D:9      | Noticed Maggie
  8743 | D:9      | Killed Maggie
  8873 | D:9      | Offered knowledge of Mephitic Cloud by Vehumet.
  9243 | D:9      | Found Xeqecaby's Distillery.
  9252 | D:9      | Bought a potion of heal wounds for 75 gold pieces
  9431 | D:3      | Killed schroeder's ghost
  9863 | D:10     | Entered Level 10 of the Dungeon
  9925 | D:10     | Reached skill level 12 in Earth Magic
 10175 | D:10     | Reached **** piety under Vehumet
 10177 | D:10     | Noticed a harpy
 10182 | D:10     | Killed a harpy
 10183 | D:10     | Reached skill level 10 in Fighting
 10322 | D:10     | Found a staircase to the Lair.
 10424 | D:10     | Offered knowledge of Inner Flame by Vehumet.
 10623 | D:10     | Found a staircase to the Orcish Mines.
 10761 | D:10     | Found Usug Gof's Jewellery Shoppe.
 10766 | D:10     | Bought an amulet of magic regeneration for 390 gold pieces
 11119 | D:11     | Noticed a manticore
 11122 | D:11     | Killed a manticore
 11264 | D:11     | Noticed a boulder beetle
 11440 | D:11     | Killed a boulder beetle
 11543 | D:11     | Reached skill level 13 in Earth Magic
 11543 | D:11     | Reached XP level 12. HP: 79/79 MP: 17/21
 11964 | D:12     | Noticed Lodul
 11967 | D:12     | Killed Lodul
 11979 | D:12     | Reached skill level 10 in Shields
 12039 | D:12     | Reached ***** piety under Vehumet
 12039 | D:12     | Offered knowledge of Airstrike by Vehumet.
 12084 | D:12     | HP: 3/80 [skeletal warrior/+2 flail of protection (23)]
 12085 | D:12     | Mangled by a skeletal warrior

Illustrated notes

Levels and vault maps discovered:
D:1:      dpeg_arrival_concentric_ovals, layout_basic
D:2:      layout_basic, serial_shops, nicolae_shop_advertising_works
          [nicolae_subvault_shop_adworks]
D:3:      layout_loops_ring, gammafunk_ghost_split
D:4:      minmay_diamond_boxcup, layout_cave_pools, gup_sewer_entry_bowl,
          minmay_misc_feat_encased, st_stairs_11, minivault_14,
          nicolae_shop_vocational
D:5:      layout_loops_ring, minmay_temple_entry_enclosed_plants
D:6:      layout_layer_cave, general_overflow_altar
D:7:      layout_rooms
D:8:      layout_cave_pools, lemuel_doored_altar,
          mainiacjoe_overflow_catwalk_spiral, uniq_erica
D:9:      layout_stronghold, gammafunk_ghost_split, serial_shops, shop,
          grunt_ministairs_9, nrook_mini_vaults, grunt_decor_arrowhead,
          st_stairs_11, uniq_gastronok, uniq_maggie, uniq_maurice
D:10:     layout_gridville, erik_lair_island, hiddenorc2_lemuel, serial_shops,
          kennysheep_little_box, minmay_misc_feat_cross, nicolae_tricolors
D:11:     layout_rooms, serial_co_window_serial, co_window_corner_a,
          co_window_paths_a, co_window_corner_a, co_window_of_opportunity_a,
          co_window_of_opportunity_a, co_window_of_opportunity_a,
          co_window_cross_1, co_window_broadway_b, co_window_broadway_c,
          co_window_corner_b, co_window_broadway_a, co_window_of_opportunity_b,
          co_window_4corner_a, co_window_paths_e, glass_columns_a
D:12:     layout_basic, uniq_psyche, uniq_lodul
Temple:   dpeg_three_leaves_temple

Skill      XL: |  1  2  3  4  5  6  7  8  9 10 11 12 |
---------------+-------------------------------------+-----
Earth Magic    | 4 5 6 8 9 11 13 | 13.8
Conjurations   | 2 3 4 |  4.0
Armour         | 1 2 3 4 |  4.0
Fighting       | 1 2 3 4 6 8 10 11 | 11.7
Spellcasting   | 3 4 5 6 |  6.0
Dodging        | 2 3 |  3.0
Shields        | 4 7 9 10 | 10.4
Stealth        | |  2.1

Action                     |  1- 3 |  4- 6 |  7- 9 | 10-12 || total
---------------------------+-------+-------+-------+-------++-------
  Melee: Unarmed           |     1 |       |       |       ||     1
         Whip              |       |     2 |     4 |    37 ||    43
   Cast: Sandblast         |    52 |    86 |   187 |   160 ||   485
         Stone Arrow       |       |       |    11 |    39 ||    50
         Lee's Rapid Decon |       |       |       |    92 ||    92
  Evoke: Wand              |       |       |       |     6 ||     6
    Use: Scroll            |     1 |     2 |     1 |     8 ||    12
         Potion            |       |       |       |     3 ||     3
 Armour: Robe              |    12 |       |       |       ||    12
         Leather armour    |     9 |    34 |   123 |   241 ||   407
  Dodge: Dodged            |    13 |    17 |    73 |   118 ||   221
  Block: Kite shield       |       |       |       |    76 ||    76

Table legend: (Time is in decaauts)
 A = Elapsed time spent in this place.
 B = Non-inter-level travel time spent in this place.
 C = Inter-level travel time spent in this place.
 D = Time resting spent in this place.
 E = Time spent auto-exploring this place.
 F = Levels seen in this place.
 G = Mean time per level.
                   A        B        C        D        E       F      G
               +--------+--------+--------+--------+--------+-----+--------+
         Total |  12353 |  11793 |    560 |    396 |   9418 |  14 |  882.4 |
       Dungeon |  11947 |  11409 |    538 |    396 |   9105 |  12 |  995.6 |
        Temple |     24 |      2 |     22 |      0 |      0 |   1 |   24.0 |
         Sewer |    381 |    381 |      0 |      0 |    312 |   1 |  381.0 |
               +--------+--------+--------+--------+--------+-----+--------+

Top non-repeatable levels by time:
     D:9: 1599 daAuts
     D:6: 1444 daAuts
     D:2: 1300 daAuts
    D:11: 1134 daAuts
     D:8: 1046 daAuts
     D:4: 1033 daAuts
     D:3: 969 daAuts
     D:5: 861 daAuts
     D:7: 834 daAuts
    D:10: 803 daAuts
     D:1: 747 daAuts
   Sewer: 381 daAuts
    D:12: 171 daAuts
  Temple: 24 daAuts
